 Dungeon Crawl Stone Soup version 0.26-a0-812-g31a745ddcd (webtiles) character file.

Game seed: 2700312988267175033

23 Lanoc the Conjurer (level 3, 0/26 HPs)
             Began as a Ghoul Conjurer on Nov 22, 2020.
             Slain by a gnoll (5 damage)
             ... on level 2 of the Dungeon.
             The game lasted 00:01:07 (860 turns).

Lanoc the Conjurer (Ghoul Conjurer)                  Turns: 860, Time: 00:01:08

Health: 0/26       AC:  2    Str: 10    XL:     3   Next: 0%
Magic:  1/4        EV: 12    Int: 14    God:
Gold:   17         SH:  0    Dex:  7    Spells: 4/5 levels left

rFire    . . .     SeeInvis .   b - +0 spear
rCold    + . .     Faith    .   (no shield)
rNeg     + + +     Spirit   .   a - +0 robe
rPois    ∞         Reflect  .   (no helmet)
rElec    .         Harm     .   (no cloak)
rCorr    .         Rampage  .   (no gloves)
MR       .....                  (no boots)
Stlth    ++........             (no amulet)
HPRegen  0.00/turn              (no ring)
MPRegen  0.09/turn              (no ring)

@: no status effects
A: rotting body, claws 1, cold resistance 1, negative energy resistance 3,
inhibited regeneration, torment resistance, unbreathing
a: no special abilities


You were on level 2 of the Dungeon.
You visited 1 branch of the dungeon, and saw 3 of its levels.

You collected 17 gold pieces.

Inventory:

Hand Weapons
 b - a +0 spear (weapon)
Armour
 a - a +0 robe (worn)
Potions
 c - a potion of attraction {unknown}
 d - a potion of curing {unknown}


   Skills:
 + Level 2.4 Dodging
 - Level 2.1 Stealth
 - Level 1.7 Spellcasting
 + Level 3.6 Conjurations


You had 4 spell levels left.
You knew the following spells:

 Your Spells              Type           Power        Failure   Level
a - Magic Dart            Conj           ##..         5%          1

Your spell library contained the following spells:

 Spells                   Type           Power        Failure   Level
 Searing Ray              Conj           ##....       9%          2
 Dazzling Flash           Conj/Hex       #.....       34%         3
 Fulminant Prism          Conj/Hex       #.........   75%         4
 Iskenderun's Mystic Bla  Conj/Tloc      #.......     75%         4


Dungeon Overview and Level Annotations

Branches:
Dungeon (3/15)

Altars:


Innate Abilities, Weirdness & Mutations

Your body is rotting away.
You thrive by killing the living.
You are immune to poison.
You have sharp fingernails.
Your flesh is cold resistant. (rC+)
You are immune to negative energy. (rN+++)
You do not regenerate when monsters are visible.
You are immune to unholy pain and torment.
You can survive without breathing.


Message History

The gnoll is moderately wounded.
You struggle against the net.
You struggle against the net.
You struggle against the net.
A gnoll comes into view. It is wielding a +0 spear.
The gnoll completely misses you.
You struggle against the net.
The gnoll barely misses you.
You shred the net and break free!
The gnoll hits you from afar with a +0 spear.
There is a stone staircase leading up here.
The gnoll hits you.
The gnoll hits you from afar with a +0 spear.
You climb upwards.
There is a stone staircase leading down here.
You hit the gnoll but do no damage. The gnoll hits you!
* * * LOW HITPOINT WARNING * * *
You hit the gnoll.
The gnoll is lightly wounded.
The gnoll hits you.
You die...

#..........#
#..........#
#..........#
#.....(....#
#.........)#
#####..........###
##...............÷)
#g.###..........###
#.@................
#.########...##...#
#( ## #...##...# #.
... #...##...# #.
#.####........# #.
........#....# ## #
#...........# #.
#..#...#....#
#..#.........†..


You could see a gnoll.

Vanquished Creatures
  An adder (D:2)
  A dart slug (D:1)
  A ball python (D:2)
  2 goblins (D:2)
  2 hobgoblins (D:2)
  A bat (D:1)
  A frilled lizard (D:2)
  A kobold (D:2)
  3 rats
13 creatures vanquished.

Notes
Turn   | Place    | Note
-------+----------+-------------------------------------------
     0 | D:1      | Lanoc the Ghoul Conjurer began the quest for the Orb.
     0 | D:1      | Reached XP level 1. HP: 14/14 MP: 2/2
   315 | D:2      | Reached XP level 2. HP: 20/20 MP: 0/3
   580 | D:2      | Reached XP level 3. HP: 7/26 MP: 0/4
   860 | D:2      | Slain by a gnoll

Illustrated notes

Levels and vault maps discovered:
D:1:      dpeg_arrival_radiant, layout_loops_corners, serial_rivers,
          chequers_serial_rivers_micro_c, chequers_serial_rivers_room_b,
          chequers_serial_rivers_large_b, chequers_serial_rivers_small_3,
          chequers_serial_rivers_room_b
D:2:      layout_basic, lemuel_crystal_altar
D:3:      minmay_chambers_of_twos, layout_basic, serial_corexii_hall,
          chequers_hall_statues_wall_a, chequers_hall_statues_y,
          corexii_hall_statues_u, chequers_hall_statues_wall_a,
          corexii_hall_statues_t, corexii_hall_statues_x

Skill      XL: |  1 |
---------------+----+-----
Dodging        | 2 |  2.4
Stealth        | |  2.1
Spellcasting   | |  1.7
Conjurations   | |  3.6

Action                   || total
-------------------------++-------
Melee: Unarmed           ||    14
       Spear             ||    35
 Cast: Magic Dart        ||    21
Armor: Robe              ||    19
Dodge: Dodged            ||    34

Table legend: (Time is in decaauts)
 A = Elapsed time spent in this place.
 B = Non-inter-level travel time spent in this place.
 C = Inter-level travel time spent in this place.
 D = Time resting spent in this place.
 E = Time spent auto-exploring this place.
 F = Levels seen in this place.
 G = Mean time per level.
                   A        B        C        D        E       F      G
               +--------+--------+--------+--------+--------+-----+--------+
         Total |    862 |    862 |      0 |    158 |    580 |   3 |  287.3 |
       Dungeon |    862 |    862 |      0 |    158 |    580 |   3 |  287.3 |
               +--------+--------+--------+--------+--------+-----+--------+

Top non-repeatable levels by time:
     D:2: 578 daAuts
     D:1: 259 daAuts
     D:3: 24 daAuts
